AoeStats
← Rat

Arena

507539222Analyzed
4v4 RM · 13d ago on Sep 18, 2026· 99m 51s· 8 players
Game mode
Random Map
Map size
Large (8 player)
Population
200
Speed
Normal
Resources
Standard
Victory
Conquest
Starting age
Dark Age
Ending age
Imperial Age
RankedLock teamsTeams togetherTeam positionsShared explorationLock speedFull tech treeHidden civsTurbo modeCheats
Victory
Defeat
🇹🇷 Ethiopians · Türkiye
1121
+13
🇳🇱 Bengalis · Netherlands
1093
+14
🇹🇷 Khitans · Türkiye
1055
+16
🇹🇷 Mongols · Türkiye
977
+18
🇹🇷 Bohemians · Türkiye
1068
-16
🇹🇷 Burgundians · Türkiye
1064
-16
🇹🇷 Malay · Türkiye
1042
-15
🇹🇷 Jurchens · Türkiye
1018
-14
BİSMARCK
10:59 Feudal Age
15:06 Castle Age
13:18 Double-Bit Axe
13:50 Horse Collar
17:06 Wheelbarrow
17:58 Fervor
22:03 Bow Saw
23:23 Heavy Plow
27:50 Imperial Age
25:44 Fletching
26:05 Forging
25:56 Scale Mail Armor
27:59 Chemistry
27:49 Hand Cart
27:23 Loom
27:27 Town Watch
27:39 Bodkin Arrow
28:15 Wagenburg Tactics
28:55 Conscription
29:22 Ballistics
30:06 Bracer
30:47 Siege Engineers
30:38 Houfnice
32:23 Elite Hussite Wagon
34:39 Two-Man Saw
35:10 Squires
34:30 Pikeman
35:18 Halberdier
37:13 Iron Casting
36:53 Chain Mail Armor
66:25 Blast Furnace
65:55 Plate Mail Armor
GrayWolf
11:28 Feudal Age
17:40 Castle Age
15:34 Man-at-Arms
16:16 Double-Bit Axe
19:04 Bow Saw
19:05 Squires
20:08 Stone Mining
25:37 Fletching
25:54 Loom
27:26 Gold Mining
28:19 Wheelbarrow
33:31 Imperial Age
31:36 Bodkin Arrow
32:20 Ballistics
32:04 Murder Holes
32:57 Gold Shaft Mining
34:36 Conscription
37:13 Elite Skirmisher
39:01 Conscription
41:08 Forging
40:56 Pikeman
42:30 Heavy Rocket Cart
43:59 Bloodlines
44:13 Gambesons
44:15 Arson
44:05 Halberdier
46:29 Chemistry
45:47 Bracer
45:47 Padded Archer Armor
48:11 Iron Casting
49:58 Blast Furnace
48:59 Scale Mail Armor
49:16 Leather Archer Armor
50:30 Elite Steppe Lancer
56:43 Light Cavalry
69:17 Fortified Wall
88:43 Scale Barding Armor
91:25 Horse Collar
espinoza
11:52 Feudal Age
10:23 Loom
16:15 Castle Age
14:26 Gold Mining
14:32 Double-Bit Axe
16:24 Bow Saw
16:07 Horse Collar
19:23 Wheelbarrow
18:54 Stone Mining
20:34 Stone Shaft Mining
23:04 Gold Shaft Mining
27:19 Hand Cart
30:42 Two-Man Saw
35:01 Imperial Age
32:51 Scale Barding Armor
32:37 Fletching
34:12 Cavalier
34:53 Husbandry
34:17 Pikeman
34:58 Squires
35:13 Forging
35:46 Scale Mail Armor
35:37 Halberdier
37:10 Chain Mail Armor
37:32 Iron Casting
38:47 Plate Mail Armor
38:25 Light Cavalry
39:59 Chain Barding Armor
40:40 Blast Furnace
39:29 Hussar
44:20 Elite Skirmisher
54:22 Bodkin Arrow
54:29 Padded Archer Armor
59:23 Bracer
59:40 Leather Archer Armor
63:19 Plate Barding Armor
66:08 Caravan
73:52 Chemistry
73:13 Ballistics
Constantine
0:30 Loom
13:05 Feudal Age
12:42 Double-Bit Axe
12:39 Horse Collar
20:03 Castle Age
18:15 Stone Mining
18:27 Gold Mining
19:49 Wheelbarrow
20:12 Bow Saw
20:19 Heavy Plow
25:02 Hand Cart
30:39 Imperial Age
29:21 Gold Shaft Mining
29:38 Fletching
29:58 Forging
29:53 Padded Archer Armor
30:43 Crop Rotation
30:28 Bodkin Arrow
32:45 Chemistry
32:43 Iron Casting
32:48 Bracer
33:06 Siege Engineers
33:40 Conscription
33:43 Squires
33:28 Arson
34:22 Ballistics
35:18 Blast Furnace
36:42 Husbandry
36:03 Light Cavalry
38:56 Elite Skirmisher
39:43 Thumb Ring
39:42 Forced Levy
40:49 Elite Karambit Warrior
41:02 Pikeman
42:30 Heavy Scorpion
47:33 Halberdier
49:06 Leather Archer Armor
64:57 Ring Archer Armor
82:04 Scale Barding Armor
85:15 Coinage
NakedFighter
10:00 Feudal Age
11:11 Horse Collar
11:33 Double-Bit Axe
16:01 Wheelbarrow
19:19 Bloodlines
21:24 Castle Age
20:06 Scale Barding Armor
25:21 Hand Cart
24:53 Loom
28:51 Padded Archer Armor
28:42 Fletching
28:58 Husbandry
29:50 Leather Archer Armor
30:22 Bodkin Arrow
31:29 Ballistics
32:18 Heavy Plow
32:31 Bow Saw
32:15 Gold Mining
32:15 Stone Mining
37:26 Nomads
40:14 Imperial Age
43:38 Bracer
43:49 Forging
43:41 Scale Mail Armor
43:13 Elite Skirmisher
44:58 Onager
47:57 Iron Casting
48:53 Chemistry
49:22 Conscription
55:07 Drill
59:17 Squires
61:39 Chain Mail Armor
62:25 Blast Furnace
60:49 Pikeman
61:17 Arson
metalmilitia620
4:23 Loom
11:41 Feudal Age
12:54 Domestication
13:28 Double-Bit Axe
15:36 Stone Mining
17:48 Castle Age
16:56 Gold Mining
17:29 Fletching
17:49 Padded Archer Armor
18:54 Bodkin Arrow
19:13 Bow Saw
20:31 Pastoralism
22:59 Wheelbarrow
23:39 Forging
25:13 Scale Mail Armor
27:00 Hand Cart
29:29 Iron Casting
29:26 Chain Mail Armor
33:51 Imperial Age
32:04 Lamellar Armor
32:32 Town Watch
34:01 Squires
33:46 Gambesons
33:47 Arson
33:23 Pikeman
35:01 Conscription
34:13 Elite Fire Lancer
36:21 Chemistry
35:20 Elite Liao Dao
38:55 Plate Mail Armor
38:25 Bracer
39:04 Scale Barding Armor
39:47 Husbandry
39:09 Light Cavalry
39:15 Elite Steppe Lancer
41:47 Chain Barding Armor
50:31 Plate Barding Armor
51:29 Elite Liao Dao
60:15 Two-Man Saw
59:22 Town Patrol
63:36 Caravan
63:51 Guilds
68:35 Hussar
75:06 Transhumance
80:09 Murder Holes
81:18 Siege Engineers
81:36 Ballistics
86:00 Masonry
86:51 Leather Archer Armor
86:57 Ordo Cavalry
86:42 Capped Ram
90:10 Siege Ram
TANA
9:47 Feudal Age
11:36 Horse Collar
11:49 Horse Collar
14:28 Castle Age
12:46 Double-Bit Axe
13:06 Horse Collar
15:30 Bow Saw
19:44 Loom
24:45 Wheelbarrow
24:28 Stone Mining
28:32 Imperial Age
26:52 Fletching
27:02 Padded Archer Armor
27:25 Ballistics
27:04 Gold Mining
27:01 Crossbowman
27:56 Bodkin Arrow
28:22 Thumb Ring
29:00 Leather Archer Armor
30:18 Chemistry
28:40 Arbalester
29:27 Bracer
30:57 Ring Archer Armor
30:35 Arbalester
32:45 Two-Man Saw
32:23 Gold Shaft Mining
32:59 Torsion Engines
32:50 Onager
35:13 Siege Onager
36:54 Siege Engineers
40:26 Caravan
40:57 Coinage
47:55 Murder Holes
48:11 Masonry
53:35 Banking
55:39 Elite Skirmisher
59:10 Scale Barding Armor
59:15 Forging
59:48 Light Cavalry
60:28 Husbandry
63:04 Scale Mail Armor
63:39 Iron Casting
63:25 Chain Barding Armor
63:30 Hussar
70:48 Blast Furnace
70:17 Conscription
72:55 Architecture
96:44 Chain Mail Armor
Rat
10:36 Feudal Age
15:00 Castle Age
13:20 Double-Bit Axe
17:12 Bow Saw
21:08 Horse Collar
22:47 Heavy Plow
23:58 Gold Mining
24:55 Wheelbarrow
24:05 Loom
24:56 Stone Mining
25:18 Scale Barding Armor
27:30 Chain Barding Armor
27:46 Hand Cart
30:11 Imperial Age
29:03 Forging
29:40 Bloodlines
29:31 Husbandry
30:23 Iron Casting
30:44 Elite Battle Elephant
32:41 Guilds
32:41 Paiks
33:11 Conscription
34:15 Plate Barding Armor
34:51 Blast Furnace
35:50 Treadmill Crane
36:33 Ballistics
36:20 Siege Engineers
38:13 Coinage
37:32 Onager
42:26 Squires
41:49 Pikeman
42:33 Scale Mail Armor
44:36 Halberdier
45:34 Chain Mail Armor
45:11 Arson
47:52 Fletching
48:13 Murder Holes
48:30 Caravan
77:01 Gambesons
81:48 Banking
Connection lost

Rejoining the realm…

Still unreachable

The connection could not be restored.

Session expired

The server has moved on; the page needs a fresh start.